 Dungeon Crawl Stone Soup version 0.29.0-4-gdea44cf6ec (webtiles) character file.

Game seed: 15762604849182711870

37 qw the Chopper (level 3, 0/31 HPs)
             Began as a Minotaur Berserker on Sept 6, 2022.
             Was a Follower of Trog.
             Slain by Sigmund
             ... wielding a +0 scythe
              (2 damage)
             ... on level 2 of the Dungeon.
             The game lasted 00:00:26 (1652 turns).

qw the Chopper (Minotaur Berserker)                 Turns: 1652, Time: 00:00:26

Health: 0/31       AC:  3    Str: 23    XL:     3   Next: 21%
Magic:  2/2        EV: 11    Int:  4    God:    Trog [*.....]
Gold:   92         SH:  3    Dex:  9    Spells: 2/2 levels left

rFire   . . .      SeeInvis .   Y - +0 hand axe
rCold   . . .      Faith    .   c - +0 buckler
rNeg    . . .      Spirit   .   i - +0 leather armour
rPois   .          Reflect  .   (helmet restricted)
rElec   .          Harm     .   (no cloak)
rCorr   .          Rampage  .   (no gloves)
Will    .....                   (no boots)
Stlth   +.........              (no amulet)
HPRegen 0.10/turn               (no ring)
MPRegen 0.08/turn               (no ring)

@: on berserk cooldown, slowed, very slow
A: horns 2, retaliatory headbutt
a: Renounce Religion, Berserk


You were on level 2 of the Dungeon.
You worshipped Trog.
Trog was aware of your devotion.
You visited 1 branch of the dungeon, and saw 2 of its levels.

You collected 92 gold pieces.


Innate Abilities, Weirdness & Mutations

You have a pair of horns on your head.
You reflexively headbutt those who attack you in melee.


   Skills:
 - Level 3.6 Fighting
 + Level 5.1 Axes
 - Level 2.4 Armour
 - Level 2.1 Dodging
 - Level 1.1 Shields


You had 2 spell levels left.
You didn't know any spells.
Your spell library was empty.

Inventory:

Hand Weapons
 e - a +0 whip
 Y - a +0 hand axe (weapon)
Armour
 c - a +0 buckler (worn)
 i - a +0 leather armour (worn)
Potions
 d - a potion of attraction {unknown}
 f - a potion of ambrosia {unknown}

Dungeon Overview and Level Annotations

Branches:
Dungeon (2/15)

Altars:

Annotations:
D:2 Sigmund


Message History

You hear some strange, mumbled words.
You are confused.
You miss the ball python. Your headbutt misses the ball python.
The ball python barely misses you. The ball python closely misses you.
You closely miss the adder. You hit the ball python.
You kill the ball python!
Trog accepts your kill. Something hits you.
The adder bites you but does no damage.
You're too confused to move!
You slash the adder!
You kill the adder!
Trog accepts your kill. Something hits you.
Your Shields skill increases to level 1!
You have reached level 3!
Your experience leads to an increase in your attributes!
Increase (S)trength, (I)ntelligence, or (D)exterity?
You feel stronger. x2
You're too confused to attack without stumbling around!
You start resting.
You feel a strong urge to attack something.
You are no longer berserk.
You are exhausted.
You feel yourself slow down. Something hits you.
You're too confused to attack without stumbling around!
You start resting.
You feel less confused. Something hits you!
You swing at nothing.
Something barely misses you.
You swing at nothing.
A magic dart appears from out of thin air!
The magic dart hits you.
You swing at nothing.
Something hits you but does no damage.
You swing at nothing.
Something hits you but does no damage.
You swing at nothing.
Something hits you.
You die...

###..........##
#..............#
#................
#................
#................
#.....>..........
#.......%.......#
#.....%@.{......#
#................
#................
#........<......#
#..............)#
#........!......#
#####...........#
..............
.###....##.....


There were no monsters in sight!

Vanquished Creatures
  An adder (D:2)
  A dart slug (D:1)
  5 endoplasms (D:1)
  2 giant cockroaches (D:1)
  3 ball pythons
  3 bats (D:1)
  4 goblins (D:1)
  4 kobolds (D:1)
  3 rats (D:1)
26 creatures vanquished.

Notes
Turn   | Place    | Note
-------+----------+-------------------------------------------
     0 | D:1      | qw the Minotaur Berserker began the quest for the Orb.
     0 | D:1      | Reached XP level 1. HP: 19/19 MP: 0/0
     0 | D:1      | 0 ||| qw: Version: 0.1-a-107-g9ff403c
     0 | D:1      | 0 ||| qw: Game counter: 6147
     0 | D:1      | 0 ||| qw: Always use a shield: true
     0 | D:1      | 0 ||| qw: Do Orc after D:15 true
     0 | D:1      | 0 ||| qw: Do second Lair branch before Depths: true
     0 | D:1      | 0 ||| qw: Lair rune preference: random
     0 | D:1      | 0 ||| qw: Plans: Normal
     0 | D:1      | 0 ||| PLANNING D:1-11
   254 | D:1      | Reached skill level 4 in Axes
   282 | D:1      | 282 ||| Stepping ~*~*~tactically~*~*~ (stealth).
   319 | D:1      | Reached XP level 2. HP: 26/26 MP: 1/1
   322 | D:1      | 322 ||| Stepping ~*~*~tactically~*~*~ (stealth).
   325 | D:1      | 325 ||| Stepping ~*~*~tactically~*~*~ (stealth).
   329 | D:1      | 329 ||| Stepping ~*~*~tactically~*~*~ (stealth).
   330 | D:1      | 330 ||| Stepping ~*~*~tactically~*~*~ (stealth).
   331 | D:1      | 331 ||| Stepping ~*~*~tactically~*~*~ (stealth).
   672 | D:1      | 672 ||| Stepping ~*~*~tactically~*~*~ (stealth).
   673 | D:1      | 673 ||| Stepping ~*~*~tactically~*~*~ (stealth).
   676 | D:1      | 676 ||| Stepping ~*~*~tactically~*~*~ (stealth).
   700 | D:1      | 700 ||| Stepping ~*~*~tactically~*~*~ (hiding).
   702 | D:1      | 702 ||| Stepping ~*~*~tactically~*~*~ (hiding).
   708 | D:1      | Reached skill level 5 in Axes
  1183 | D:1      | 1183 ||| UPGRADING to +0 buckler.
  1188 | D:1      | 1188 ||| UPGRADING to +0 leather armour.
  1198 | D:1      | 1198 ||| DROPPING +0 animal skin.
  1199 | D:1      | 1199 ||| READING scroll labelled REDATR LEOSIMY.
  1200 | D:1      | 1200 ||| READING scroll labelled LAL UKOORAX.
  1201 | D:1      | 1201 ||| READING scroll labelled FIUXYPR CEOW.
  1348 | D:1      | 1348 ||| READING scroll labelled XIEPRI TIRY.
  1349 | D:1      | 1349 ||| READING scroll labelled YNARUG GEPIU.
  1350 | D:1      | 1350 ||| DRINKING 3 clear potions.
  1351 | D:1      | 1351 ||| DROPPING 2 potions of magic.
  1352 | D:1      | 1352 ||| Stepping randomly (stuck).
  1353 | D:1      | 1353 ||| Stepping ~*~*~tactically~*~*~ (cloud).
  1635 | D:2      | Noticed Sigmund
  1637 | D:2      | 1637 ||| INVOKING Berserk.
  1645 | D:2      | Reached skill level 1 in Shields
  1645 | D:2      | Reached XP level 3. HP: 30/31 MP: 2/2
  1647 | D:2      | HP: 6/31 [something (8)]
  1649 | D:2      | HP: 2/31 [something/magic dart (5)]
  1652 | D:2      | Slain by Sigmund

Levels and vault maps discovered:
D:1:      lightli_arrival_boilingwater, layout_loops_ring, grunt_decor_clamped,
          chequers_decorated_corner, minmay_misc_feat_secret_circle
D:2:      layout_rooms, ebering_ecumenical_altar_mist, serial_shops, shop,
          minmay_crystal_water, grunt_decor_fettered, uniq_natasha, uniq_sigmund

Skill      XL: |  1  2 |
---------------+-------+-----
Axes           | 4 5 |  5.1
Shields        | 1 |  1.1
Fighting       | |  3.6
Armour         | |  2.4
Dodging        | |  2.1

Action                   || total
-------------------------++-------
Melee: Hand axe          ||    51
       Headbutt          ||     7
       Punch             ||     1
Invok: Berserk           ||     1
  Use: Scroll            ||     5
       Potion            ||     1
Armor: Animal skin       ||     5
       Leather armour    ||     3
Dodge: Dodged            ||    23

Table legend:
 A = Non-vault XP
 B = Vault XP
 C = Vault XP percentage of total XP
 D = Non-vault monster count
 E = Vault monster count
 F = Vault count percentage of total count
                 A         B        C        D         E       F
            +---------+---------+-------+---------+---------+-------
      Total |      53 |       0 |   0.0 |      26 |       0 |   0.0
            +---------+---------+-------+---------+---------+-------
        D:1 |      39 |       0 |   0.0 |      24 |       0 |   0.0
        D:2 |      14 |       0 |   0.0 |       2 |       0 |   0.0
            +---------+---------+-------+---------+---------+-------
